 Dungeon Crawl Stone Soup version 0.27.1-34-g3ba077fa99 (webtiles) character file.

Game seed: 7729591089083589372

403 riojii the Ruffian (level 6, -1/70 HPs)
             Began as a Demonspawn Berserker on Jan 5, 2022.
             Was a Believer of Trog.
             Succumbed to an orc's poison
             ... on level 4 of the Dungeon.
             The game lasted 00:06:58 (3929 turns).

riojii the Ruffian (Demonspawn Berserker)           Turns: 3929, Time: 00:06:59

Health: -1/70      AC: 13    Str: 19    XL:     6   Next: 55%
Magic:  6/6        EV:  8    Int:  9    God:    Trog [**....]
Gold:   175        SH:  4    Dex: 12    Spells: 5/5 levels left

rFire    . . .     SeeInvis .     - Unarmed
rCold    . . .     Faith    .   (no shield)
rNeg     . . .     Spirit   .   c - +0 chain mail
rPois    .         Reflect  .   (no helmet)
rElec    .         Harm     .   (no cloak)
rCorr    +         Rampage  .   (no gloves)
Will     .....                  (no boots)
Stlth    ..........             d - amulet of regeneration
HPRegen  1.21/turn              (no ring)
MPRegen  0.10/turn              (no ring)

@: berserking (expiring), lethally poisoned (-1 -> -9), very quick
A: yellow scales 3, condensation shield
a: Renounce Religion, Berserk, Trog's Hand


You were on level 4 of the Dungeon.
You worshipped Trog.
Trog was pleased with you.
You visited 1 branch of the dungeon, and saw 4 of its levels.

You collected 175 gold pieces.

Inventory:

Armour
 c - a +0 chain mail (worn)
Jewellery
 d - an amulet of regeneration (around neck)
Scrolls
 a - a scroll of identify {unknown}
 b - a scroll of blinking {unknown}
 f - a scroll of enchant weapon {unknown}
 h - a scroll of brand weapon {unknown}
 i - a scroll of teleportation {unknown}
 j - a scroll of fog {unknown}
 k - 2 scrolls of immolation {unknown}
 m - a scroll of amnesia {unknown}
 n - a scroll of magic mapping {unknown}
 o - 2 scrolls of enchant armour {unknown}
Potions
 e - 2 potions of flight {unknown}
 g - 2 potions of brilliance {unknown}
 l - 2 potions of curing


   Skills:
 + Level 3.5 Fighting
 + Level 3.2 Armour
 + Level 2.0 Dodging
 + Level 0.8 Stealth
 + Level 1.2 Shields
 + Level 5.4 Unarmed Combat


You had 5 spell levels left.
You didn't know any spells.
Your spell library was empty.

Dungeon Overview and Level Annotations

Branches:
Dungeon (4/15)
 Temple: D:4-7

Altars:

Shops:
D:1 [   D:3 (?


Innate Abilities, Weirdness & Mutations

You are completely covered in yellow scales. (AC +4, rCorr)
A meltable shield of frost defends you. (SH +4)


Message History

You kill the iguana!
Trog accepts your kill.
You feel very sick. The orc closely misses you.
The orc hits you but does no damage. The orc hits you with a +0 long sword.
The orc priest barely misses you.
You hit the orc priest.
The orc priest is heavily wounded.
You feel very sick. The orc hits you with a +0 mace.
* * * LOW HITPOINT WARNING * * *
You closely miss the orc priest.
The orc priest is heavily wounded.
You feel very sick. You block the orc's attack.
The orc hits you but does no damage. The orc completely misses you.
The orc priest hits you but does no damage.
You are too berserk!
You punch the orc priest!
The orc priest is almost dead.
You feel sick. The orc hits you but does no damage. The orc barely misses you.
The orc hits you but does no damage. x2
You hit the orc priest.
You kill the orc priest!
Trog accepts your kill.
You feel sick.
Your Shields skill increases to level 1!
You feel sick. You block the orc's attack. The orc hits you but does no damage.
You are more poisoned.
The orc hits you but does no damage. The orc hits you with a +0 hand axe.
* * * LOW HITPOINT WARNING * * *
The orc hits you with a +0 long sword.
* * * LOW HITPOINT WARNING * * *
Things that are here:
a +0 falchion; a +0 ring mail; an orc corpse
Okay, then.
You feel a strong urge to attack something.
* * * LOW HITPOINT WARNING * * *
You feel very sick. The orc barely misses you.
The orc hits you but does no damage.
You die...

#⌠..####....#..#.
#......#....#..#.
#......##.).#<...
##...#...#...##.#.
#....#...#....#†##
#)..##...##.).#.#
#...#.....#...#..
#...#.....#...##.#
#@..#.....#...# ..
#.oo#..⌠:.#...# ..
#ooo#.....#...# ..
#...#.....#...# ..
#.g.#..)..#...#
#...##...##...#
#....#...#.)..#
##...#...#...##
#...##......#


You could see 5 orcs and a hobgoblin.

Vanquished Creatures
  A phantom (D:4)
  A scorpion (D:4)
  An orc priest (D:4)
  2 iguanas (D:4)
  2 orc wizards (D:4)
  4 adders
  4 gnolls (D:3)
  An ufetubus (D:4)
  An adder skeleton (D:4)
  A worm (D:2)
  4 dart slugs
  2 orcs (D:4)
  4 ball pythons
  4 bats
  4 endoplasms
  A giant cockroach (D:2)
  9 goblins
  2 hobgoblins
  6 kobolds
  A quokka (D:4)
  6 frilled lizards
  3 rats
64 creatures vanquished.

Vanquished Creatures (others)
  A fungus (D:1)
  A plant (D:1)
2 creatures vanquished.

Grand Total: 66 creatures vanquished

Notes
Turn   | Place    | Note
-------+----------+-------------------------------------------
     0 | D:1      | riojii the Demonspawn Berserker began the quest for the
                  | Orb.
     0 | D:1      | Reached XP level 1. HP: 18/18 MP: 1/1
   105 | D:1      | You fall into a shaft and drop 1 floor!
   268 | D:2      | Reached skill level 3 in Unarmed Combat
   268 | D:2      | Gained mutation: A meltable shield of frost defends you.
                  | (SH +4) [demonic ancestry]
   268 | D:2      | Reached XP level 2. HP: 11/24 MP: 2/2
  1508 | D:1      | Found a faded altar of an unknown god.
  1897 | D:1      | Found Waocettie's Antique Armour Shoppe.
  2031 | D:2      | Gained mutation: You are partially covered in yellow
                  | scales. (AC +2) [demonic ancestry]
  2031 | D:2      | Reached XP level 3. HP: 29/29 MP: 3/3
  2236 | D:2      | Reached ** piety under Trog
  2861 | D:3      | Gained mutation: You are mostly covered in yellow scales.
                  | (AC +3) [demonic ancestry]
  2861 | D:3      | Reached XP level 4. HP: 30/35 MP: 4/4
  2870 | D:3      | Reached skill level 4 in Unarmed Combat
  2902 | D:3      | Found Usudoz's Magic Scroll Emporium.
  3140 | D:3      | Found Jocs's Antique Weapon Boutique.
  3386 | D:4      | Noticed a phantom
  3392 | D:4      | Killed a phantom
  3393 | D:4      | Gained mutation: You are completely covered in yellow
                  | scales. (AC +4, rCorr) [demonic ancestry]
  3393 | D:4      | Reached XP level 5. HP: 41/41 MP: 5/5
  3576 | D:4      | Reached skill level 5 in Unarmed Combat
  3759 | D:4      | Reached XP level 6. HP: 37/47 MP: 6/6
  3927 | D:4      | Reached skill level 1 in Shields
  3928 | D:4      | HP: 1/70 [poisoned by an orc]
  3929 | D:4      | Succumbed to an orc's poison

Illustrated notes

Levels and vault maps discovered:
D:1:      lemuel_arrival_room, layout_basic, shapermc_ecumenical_altar_petra,
          serial_shops, shop
D:2:      layout_loops_ring
D:3:      layout_basic, serial_bayou, serial_bayou_pond_c, serial_bayou_shore_a,
          serial_bayou_shore_b, serial_bayou_ford_a, serial_shops, shop, shop
D:4:      kennysheep_spiral_hall, layout_basic, nicolae_overflow_hidden_temple

Skill      XL: |  1  2  3  4  5  6 |
---------------+-------------------+-----
Unarmed Combat | 3 4 5 |  5.4
Armour         | 2 3 |  3.2
Dodging        | 2 |  2.0
Shields        | 1 |  1.2
Fighting       | |  3.5
Stealth        | |  0.8

Action                   |  1- 3 |  4- 6 || total
-------------------------+-------+-------++-------
Melee: Unarmed           |   167 |   137 ||   304
       Punch             |     1 |     4 ||     5
Invok: Berserk           |     1 |     3 ||     4
Armor: Chain mail        |    65 |    86 ||   151
Dodge: Dodged            |    47 |    50 ||    97
Block: Other             |    18 |    25 ||    43
